AoeStats
← jesterkori

Lombardia

509643379Analyzed
4v4 RM · 3d ago on Sep 27, 2026· 23m 9s· 8 players
Game mode
Random Map
Map size
Large (8 player)
Population
200
Speed
Normal
Resources
Standard
Victory
Conquest
Starting age
Dark Age
Ending age
Imperial Age
RankedLock teamsTeams togetherTeam positionsShared explorationLock speedFull tech treeHidden civsTurbo modeCheats
Victory
Defeat
🇮🇳 Danes · India
1259
+15
🇮🇳 Spanish · India
1239
+16
🇮🇳 Lithuanians · India
1235
+16
🇺🇸 Khmer · United States
1040
+25
🇦🇷 Berbers · Argentina
1252
-19
🇨🇴 Khmer · Colombia
1250
-19
🇭🇰 Bohemians · Hong Kong SAR China
1220
-17
🇦🇷 Huns · Argentina
1215
-17
SATOLEP
5:09 Loom
9:04 Feudal Age
15:12 Castle Age
13:51 Double-Bit Axe
22:26 Scale Barding Armor
YYS
3:15 Loom
12:51 Feudal Age
17:32 Castle Age
15:19 Double-Bit Axe
16:10 Horse Collar
The Viejo
10:48 Feudal Age
14:39 Castle Age
13:07 Double-Bit Axe
13:05 Horse Collar
18:57 Bow Saw
19:04 Heavy Plow
22:27 Loom
Weafol
4:58 Loom
11:35 Feudal Age
17:46 Castle Age
16:14 Double-Bit Axe
16:10 Horse Collar
18:53 Bow Saw
18:59 Heavy Plow
19:19 Light Cavalry
20:01 Husbandry
21:35 Forging
P3psiMan
5:19 Loom
11:11 Feudal Age
14:34 Wheelbarrow
13:48 Double-Bit Axe
14:57 Scale Barding Armor
17:30 Castle Age
16:00 Horse Collar
16:56 Bloodlines
18:36 Chain Barding Armor
19:21 Bow Saw
hawkizhere
9:26 Feudal Age
10:21 Loom
10:47 Double-Bit Axe
14:12 Horse Collar
14:30 Fletching
16:21 Wheelbarrow
19:03 Castle Age
17:42 Gold Mining
18:31 Padded Archer Armor
18:47 Scale Mail Armor
19:08 Crossbowman
19:45 Bodkin Arrow
19:45 Town Watch
jesterkori
9:55 Feudal Age
13:12 Horse Collar
13:18 Double-Bit Axe
20:17 Castle Age
18:52 Bloodlines
18:55 Scale Barding Armor
19:22 Stone Mining
20:57 Light Cavalry
22:13 Chain Barding Armor
Shot-A-Burger
9:58 Loom
12:10 Feudal Age
15:51 Castle Age
13:42 Double-Bit Axe
13:39 Horse Collar
14:58 Town Watch
17:22 Bow Saw
17:54 Scale Barding Armor
18:15 Forging
20:17 Chain Barding Armor
21:10 Heavy Plow
Connection lost

Rejoining the realm…

Still unreachable

The connection could not be restored.

Session expired

The server has moved on; the page needs a fresh start.